Islanders vs Lightning
Created - January 6, 2022 at 19:01
Goals
|
| Islanders |
1 |
1 |
0 |
1 |
3 |
| Lightning |
0 |
1 |
1 |
0 |
2 |
|
Shots
|
| Islanders |
9 |
11 |
3 |
1 |
24 |
| Lightning |
13 |
15 |
9 |
0 |
37 |
|
1st period
1. Islanders , Joe Thornton 2 (Evander Kane 13, Vladimir Tarasenko 7) at 16:32 (PP)
Penalties :
Frans Nielsen (NyI) for Slashing (Minor) at 9:45, Craig Smith (NyI) for Goalie Interference (Minor) at 12:04, James Neal (T.B) for Delaying the game (Minor) at 16:15
2nd period
2. Lightning , Brent Seabrook 3 (Kyle Clifford 7, Jimmy Howard) at 2:56 (PP)
3. Islanders , Michael Latta 3 (Andrew Shaw 2, Sergei Plotnikov 1) at 5:56
Penalties :
Craig Smith (NyI) for Tripping (Minor) at 2:47, Craig Smith (NyI) for Hooking (Minor) at 6:05, Tyler Toffoli (T.B) for Roughing (Minor) at 15:49
3rd period
4. Lightning , Ondrej Palat 3 (Oscar Sundqvist 3, Noah Hanifin 1) at 13:08
Penalties :
James Neal (T.B) for Roughing (Minor) at 3:21, Brent Seabrook (T.B) for Charging (Minor) at 6:06, Frans Nielsen (NyI) for Roughing (Minor) at 9:10
Overtime #1
5. Islanders , Vladimir Tarasenko 11 (Evander Kane 14, Fedor Tyutin 8) at 0:14
Penalties :
No Penalty
Goalie Stats
Jonathan Quick (NyI), 35 saves from 37 shots - (0.946), W, 7-2-3, 60:14 minutes
Jimmy Howard (T.B), 21 saves from 24 shots - (0.875), OTL, 3-2-3, 60:14 minutes
Players Stats for Islanders
Player Name G A P +/- PIM S H SB GA TA FO MP PP MP PK MP
------------------------------------------------------------------------------------
Andrew Shaw 0 1 1 1 0 0 0 0 1 0 0/0 8:35 0:04 0:00
Brian Ferlin 0 0 0 0 0 0 2 0 0 0 0/0 9:18 0:00 0:00
Craig Smith 0 0 0 0 6 4 2 0 0 0 0/0 13:48 1:46 0:00
Evander Kane 0 2 2 1 0 3 2 0 0 1 1/3 23:07 4:10 4:32
Fedor Tyutin 0 1 1 0 0 0 1 2 0 0 0/0 28:29 4:41 4:43
Frans Nielsen 0 0 0 -1 4 3 0 0 0 0 5/12 16:01 1:46 1:10
Jay Bouwmeester 0 0 0 0 0 1 1 1 0 0 0/0 19:38 1:33 3:22
Joe Thornton 1 0 1 -1 0 1 0 1 0 0 10/19 22:33 4:07 2:47
Justin Falk 0 0 0 1 0 0 0 0 0 1 0/0 12:07 0:00 0:00
Marc-Édouard Vlasic 0 0 0 1 0 1 0 1 0 0 0/0 12:07 0:00 0:00
Michael Latta 1 0 1 1 0 1 0 0 1 0 1/1 8:22 0:00 0:00
Paul Stastny 0 0 0 0 0 2 0 0 0 0 0/6 10:15 0:29 0:00
Pierre-Edouard Bellemare 0 0 0 0 0 1 1 0 0 0 0/0 13:09 1:49 0:00
Ryan Ellis 0 0 0 0 0 2 1 2 0 1 0/0 28:29 4:41 4:43
Sergei Plotnikov 0 1 1 0 0 1 0 0 0 0 0/2 13:13 0:01 2:29
Tomas Kundratek 0 0 0 0 0 0 0 1 0 1 0/0 19:38 1:33 3:22
Vladimir Tarasenko 1 1 2 1 0 2 4 0 2 1 4/9 22:30 4:09 4:37
Zac Rinaldo 0 0 0 0 0 2 1 0 0 0 1/1 11:27 0:21 0:35
Players Stats for Lightning
Player Name G A P +/- PIM S H SB GA TA FO MP PP MP PK MP
------------------------------------------------------------------------------------
Brandon Sutter 0 0 0 0 0 3 1 0 0 0 12/17 19:09 3:54 2:02
Brent Seabrook 1 0 1 -1 2 1 1 1 0 1 0/0 25:34 4:10 3:00
Cody Goloubef 0 0 0 1 0 2 1 0 0 0 0/0 11:48 0:00 0:19
Colby Armstrong 0 0 0 0 0 0 1 0 0 0 1/1 4:57 0:00 0:00
Conor Sheary 0 0 0 0 0 0 0 0 0 0 0/0 3:03 0:21 0:00
James Neal 0 0 0 0 4 2 3 0 0 0 1/1 16:29 3:55 0:00
Jesper Fast 0 0 0 0 0 5 1 1 0 0 0/0 12:08 0:00 0:00
Jimmy Vesey 0 0 0 0 0 0 1 0 1 0 2/3 8:02 0:00 2:28
Joni Pitkanen 0 0 0 -1 0 1 0 1 0 1 0/0 20:47 3:55 2:05
Justin Schultz 0 0 0 -1 0 1 1 1 0 0 0/0 20:47 3:55 2:05
Kevin Shattenkirk 0 0 0 -1 0 2 1 1 1 0 0/0 27:23 4:10 4:09
Kyle Clifford 0 1 1 -1 0 6 0 1 0 0 1/6 23:57 3:53 2:19
Mark Scheifele 0 0 0 0 0 2 2 0 0 1 11/22 20:57 4:10 1:39
Nick Bjugstad 0 0 0 0 0 1 2 0 0 0 0/0 19:10 4:10 0:00
Noah Hanifin 0 1 1 1 0 1 0 0 0 1 0/0 13:28 0:00 1:09
Ondrej Palat 1 0 1 0 0 3 0 0 1 0 0/0 14:35 0:00 1:04
Oscar Sundqvist 0 1 1 0 0 5 2 1 1 0 3/3 12:29 0:00 0:00
Tyler Toffoli 0 0 0 -1 2 2 1 0 1 0 0/0 19:55 3:52 2:37
3 Stars
1 - Vladimir Tarasenko (NyI)
2 - Jonathan Quick (NyI)
3 - Evander Kane (NyI)
Power Play
Islanders - 1 on 4 Attempt(s) - 25.00%
Lightning - 1 on 5 Attempt(s) - 20.00%
Penalty Kill
Islanders - 4 on 5 Attempt(s) - 80.00%
- Score 0 goal in Penalty Kill
Lightning - 3 on 4 Attempt(s) - 75.00%
- Score 0 goal in Penalty Kill
Team Stat
Islanders - Hits : 15 - Faceoff Wins : 22 - Blocked Shots : 8 - Penalty Minutes : 10
Lightning - Hits : 18 - Faceoff Wins : 31 - Blocked Shots : 7 - Penalty Minutes : 8
Official
Referees : Dan O'Rourke and Kyle Rehman
Linesman : Ryan Galloway and Shandor Alphonso
Game Notes
15:24 of 1st period - Islanders goal is going for a video replay. After video review, No Goal. The referee deems the play has been stopped, even if he had not physically had the opportunity to stop play by blowing his whistle.
Finance
Level 1 -- Attendance: 5761 (96.02%) -- Ticket Income $576,100
Level 2 -- Attendance: 5000 (100.00%) -- Ticket Income $300,000
Level 3 -- Attendance: 2000 (100.00%) -- Ticket Income $70,000
Level 4 -- Attendance: 3857 (96.43%) -- Ticket Income $96,425
Luxury Box -- Attendance: 1000 (100.00%) -- Ticket Income $200,000
Game was played at the Amalie Arena.
Total Attendance: 17618 (97.88%)
Total Ticket Income: $1,242,525
Other Income: $186,379
Total Income: $1,428,904
Islanders
5 vs 5 Forward
Center Left Wing Right Wing Time % Phy DF OF
1 Joe Thornton Evander Kane Vladimir Tarasenko 40 1 2 2
2 Frans Nielsen Pierre-Edouard Bellemare Craig Smith 30 1 2 2
3 Paul Stastny Zac Rinaldo Brian Ferlin 20 1 2 2
4 Michael Latta Sergei Plotnikov Andrew Shaw 10 1 2 2
5 vs 5 Defense
Defense Defense Time % Phy DF OF
1 Ryan Ellis Fedor Tyutin 40 1 2 2
2 Jay Bouwmeester Tomas Kundratek 30 1 2 2
3 Marc-Édouard Vlasic Justin Falk 20 1 2 2
4 Ryan Ellis Fedor Tyutin 10 1 2 2
PowerPlay Forward
Center Left Wing Right Wing Time % Phy DF OF
1 Joe Thornton Evander Kane Vladimir Tarasenko 60 1 2 2
2 Frans Nielsen Pierre-Edouard Bellemare Craig Smith 40 1 2 2
PowerPlay Defense
Defense Defense Time % Phy DF OF
1 Ryan Ellis Fedor Tyutin 60 1 2 2
2 Jay Bouwmeester Tomas Kundratek 40 1 2 2
Penalty Kill 4 Players Forward
Center Wing Time % Phy DF OF
1 Vladimir Tarasenko Evander Kane 60 1 2 2
2 Joe Thornton Frans Nielsen 40 1 2 2
Penalty Kill 4 Players Defense
Defense Defense Time % Phy DF OF
1 Ryan Ellis Fedor Tyutin 60 1 2 2
2 Jay Bouwmeester Tomas Kundratek 40 1 2 2
Penalty Kill - 3 Players Forward
Forward Time % Phy DF OF
1 Vladimir Tarasenko 60 1 2 2
2 Evander Kane 40 1 2 2
Penalty Kill - 3 Players Defense
Defense Defense Time % Phy DF OF
1 Ryan Ellis Fedor Tyutin 60 1 2 2
2 Jay Bouwmeester Tomas Kundratek 40 1 2 2
4 vs 4 Forward
Center Wing Time % Phy DF OF
1 Vladimir Tarasenko Evander Kane 60 1 2 2
2 Joe Thornton Frans Nielsen 40 1 2 2
4 vs 4 Defense
Defense Defense Time % Phy DF OF
1 Ryan Ellis Fedor Tyutin 60 1 2 2
2 Jay Bouwmeester Tomas Kundratek 40 1 2 2
Last Minutes Offensive
Center Left Wing Right Wing Defense Defense
Joe Thornton Evander Kane Vladimir Tarasenko Ryan Ellis Fedor Tyutin
Last Minutes Defensive
Center Left Wing Right Wing Defense Defense
Joe Thornton Evander Kane Vladimir Tarasenko Ryan Ellis Fedor Tyutin
Goaltenders
Starting : Jonathan Quick
Backup : Julien Ellis
Extra Forwards
Normal : Paul Stastny, Zac Rinaldo, Sergei Plotnikov - PP : Paul Stastny, Zac Rinaldo - PK : Sergei Plotnikov
Extra Defensemen
Normal : Marc-Édouard Vlasic, Justin Falk, Jay Bouwmeester - PP : Marc-Édouard Vlasic - PK : Justin Falk, Jay Bouwmeester
Penalty Shots
Vladimir Tarasenko, Evander Kane, Joe Thornton, Frans Nielsen, Paul Stastny
Scratches
Carl Klingberg (Healthy), Jiri Hudler (Healthy)
Lightning
5 vs 5 Forward
Center Left Wing Right Wing Time % Phy DF OF
1 Mark Scheifele Kyle Clifford Nick Bjugstad 40 1 2 2
2 Brandon Sutter Tyler Toffoli James Neal 30 1 2 2
3 Oscar Sundqvist Ondrej Palat Jesper Fast 20 1 2 2
4 Kyle Clifford Jimmy Vesey Colby Armstrong 10 1 2 2
5 vs 5 Defense
Defense Defense Time % Phy DF OF
1 Kevin Shattenkirk Brent Seabrook 40 1 2 2
2 Justin Schultz Joni Pitkanen 30 1 2 2
3 Cody Goloubef Noah Hanifin 20 1 2 2
4 Kevin Shattenkirk Brent Seabrook 10 1 2 2
PowerPlay Forward
Center Left Wing Right Wing Time % Phy DF OF
1 Mark Scheifele Kyle Clifford Nick Bjugstad 60 1 2 2
2 Brandon Sutter Tyler Toffoli James Neal 40 1 2 2
PowerPlay Defense
Defense Defense Time % Phy DF OF
1 Kevin Shattenkirk Brent Seabrook 60 1 2 2
2 Justin Schultz Joni Pitkanen 40 1 2 2
Penalty Kill 4 Players Forward
Center Wing Time % Phy DF OF
1 Kyle Clifford Tyler Toffoli 60 1 2 2
2 Mark Scheifele Brandon Sutter 40 1 2 2
Penalty Kill 4 Players Defense
Defense Defense Time % Phy DF OF
1 Kevin Shattenkirk Brent Seabrook 60 1 2 2
2 Justin Schultz Joni Pitkanen 40 1 2 2
Penalty Kill - 3 Players Forward
Forward Time % Phy DF OF
1 Kyle Clifford 60 1 2 2
2 Tyler Toffoli 40 1 2 2
Penalty Kill - 3 Players Defense
Defense Defense Time % Phy DF OF
1 Kevin Shattenkirk Brent Seabrook 60 1 2 2
2 Justin Schultz Joni Pitkanen 40 1 2 2
4 vs 4 Forward
Center Wing Time % Phy DF OF
1 Kyle Clifford Tyler Toffoli 60 1 2 2
2 Mark Scheifele Brandon Sutter 40 1 2 2
4 vs 4 Defense
Defense Defense Time % Phy DF OF
1 Kevin Shattenkirk Brent Seabrook 60 1 2 2
2 Justin Schultz Joni Pitkanen 40 1 2 2
Last Minutes Offensive
Center Left Wing Right Wing Defense Defense
Mark Scheifele Kyle Clifford Nick Bjugstad Kevin Shattenkirk Brent Seabrook
Last Minutes Defensive
Center Left Wing Right Wing Defense Defense
Mark Scheifele Kyle Clifford Nick Bjugstad Kevin Shattenkirk Brent Seabrook
Goaltenders
Starting : Jimmy Howard
Backup : Alex Nedeljkovic
Extra Forwards
Normal : Conor Sheary, Ondrej Palat, Jimmy Vesey - PP : Conor Sheary, Ondrej Palat - PK : Jimmy Vesey
Extra Defensemen
Normal : Cody Goloubef, Noah Hanifin, Justin Schultz - PP : Cody Goloubef - PK : Noah Hanifin, Justin Schultz
Penalty Shots
Kyle Clifford, Tyler Toffoli, Mark Scheifele, Brandon Sutter, Nick Bjugstad
Scratches
Alex Killorn (Healthy), Nathan Gerbe (Healthy), Shayne Gostisbehere (Bruised Left Arm Injury)
% Time on Ice - Islanders
Lines # - Real PCT - Wanted PCT - Time Play
Normal Forward
1 - 36% - 40% - 16:31
2 - 31% - 30% - 14:00
3 - 18% - 20% - 8:25
4 - 15% - 10% - 6:45
Normal Defense
1 - 35% - 40% - 16:01
2 - 32% - 30% - 14:43
3 - 27% - 20% - 12:07
4 - 6% - 10% - 2:50
PP Forward
1 - 71% - 60% - 4:25
2 - 29% - 40% - 1:49
PP Defense
1 - 75% - 60% - 4:41
2 - 25% - 40% - 1:33
PK Forward
1 - 68% - 60% - 5:30
2 - 32% - 40% - 2:35
PK Defense
1 - 58% - 60% - 4:43
2 - 42% - 40% - 3:22
PK3 Forward
1 - 0% - 60%
2 - 0% - 40%
PK3 Defense
1 - 0% - 60%
2 - 0% - 40%
44 Forward
1 - 100% - 60% - 0:14
2 - 0% - 40% - 0:00
44 Defense
1 - 100% - 60% - 0:14
2 - 0% - 40% - 0:00
Last Minute Offensive - 0:00
Last Minute Defensive - 0:00
Total
Forward - 60:14
Defense - 60:14
|
% Time on Ice - Lightning
Lines # - Real PCT - Wanted PCT - Time Play
Normal Forward
1 - 35% - 40% - 15:54
2 - 31% - 30% - 14:07
3 - 27% - 20% - 12:08
4 - 8% - 10% - 3:32
Normal Defense
1 - 40% - 40% - 18:16
2 - 32% - 30% - 14:47
3 - 25% - 20% - 11:29
4 - 3% - 10% - 1:09
PP Forward
1 - 52% - 60% - 4:10
2 - 48% - 40% - 3:55
PP Defense
1 - 52% - 60% - 4:10
2 - 48% - 40% - 3:55
PK Forward
1 - 79% - 60% - 4:54
2 - 21% - 40% - 1:20
PK Defense
1 - 67% - 60% - 4:09
2 - 33% - 40% - 2:05
PK3 Forward
1 - 0% - 60%
2 - 0% - 40%
PK3 Defense
1 - 0% - 60%
2 - 0% - 40%
44 Forward
1 - 100% - 60% - 0:14
2 - 0% - 40% - 0:00
44 Defense
1 - 100% - 60% - 0:14
2 - 0% - 40% - 0:00
Last Minute Offensive - 0:00
Last Minute Defensive - 0:00
Total
Forward - 60:14
Defense - 60:14
|
Play-by-Play
1st period
0:01 of 1st period - Joe Thornton wins face-off versus Mark Scheifele in neutral zone.
0:04 of 1st period - Kevin Shattenkirk is hit by Evander Kane and loses puck.
0:33 of 1st period - Brandon Sutter is hit by Fedor Tyutin and loses puck.
0:40 of 1st period - Snap shot by Frans Nielsen.
0:40 of 1st period - Deflect By Craig Smith.
0:40 of 1st period - Stopped by Jimmy Howard with a rebound.
0:54 of 1st period - Slapshot by Kevin Shattenkirk.
0:54 of 1st period - Deflect By Ondrej Palat.
0:54 of 1st period - Stopped by Jonathan Quick with a rebound.
1:36 of 1st period - Wrist shot by Vladimir Tarasenko.
1:36 of 1st period - Shot Blocked by Justin Schultz.
2:41 of 1st period - Slapshot by Jesper Fast.
2:41 of 1st period - Stopped by Jonathan Quick with a rebound.
2:43 of 1st period - Slapshot by Justin Schultz.
2:43 of 1st period - Shot Blocked by Marc-Édouard Vlasic.
2:49 of 1st period - Slapshot by Marc-Édouard Vlasic.
2:49 of 1st period - Stopped by Jimmy Howard with a rebound.
2:51 of 1st period - Snap shot by Marc-Édouard Vlasic.
2:51 of 1st period - Shot Blocked by Joni Pitkanen.
3:15 of 1st period - Slapshot by Oscar Sundqvist.
3:15 of 1st period - Stopped by Jonathan Quick with a rebound.
5:05 of 1st period - Snap shot by Jesper Fast.
5:05 of 1st period - Shot Misses the Net.
5:07 of 1st period - Snap shot by Joni Pitkanen.
5:07 of 1st period - Deflect By Ryan Ellis.
5:07 of 1st period - Stopped by Jonathan Quick without a rebound.
5:08 of 1st period - Mark Scheifele wins face-off versus Frans Nielsen in Islanders zone.
5:15 of 1st period - Snap shot by Kyle Clifford.
5:15 of 1st period - Shot Misses the Net.
5:17 of 1st period - Slapshot by Nick Bjugstad.
5:17 of 1st period - Shot Misses the Net.
5:19 of 1st period - Snap shot by Cody Goloubef.
5:19 of 1st period - Deflect By Justin Falk.
5:19 of 1st period - Stopped by Jonathan Quick with a rebound.
5:21 of 1st period - Slapshot by Cody Goloubef.
5:21 of 1st period - Shot Misses the Net.
5:35 of 1st period - Cody Goloubef is hit by Brian Ferlin and loses puck.
5:46 of 1st period - Wrist shot by Paul Stastny.
5:46 of 1st period - Stopped by Jimmy Howard without a rebound.
5:47 of 1st period - Mark Scheifele wins face-off versus Sergei Plotnikov in Lightning zone.
5:54 of 1st period - Wrist shot by Kevin Shattenkirk.
5:54 of 1st period - Shot Blocked by Jay Bouwmeester.
6:12 of 1st period - Craig Smith is hit by James Neal and loses puck.
7:32 of 1st period - Colby Armstrong is hit by Brian Ferlin and loses puck.
7:48 of 1st period - Jay Bouwmeester is hit by Colby Armstrong.
8:09 of 1st period - Zac Rinaldo is hit by Jimmy Vesey.
8:13 of 1st period - Brian Ferlin is hit by Mark Scheifele and loses puck.
9:18 of 1st period - Kevin Shattenkirk is hit by Vladimir Tarasenko and loses puck.
9:45 of 1st period - Minor Penalty to Frans Nielsen for Slashing.
9:46 of 1st period - Mark Scheifele wins face-off versus Vladimir Tarasenko in Islanders zone.
10:41 of 1st period - Slapshot by Sergei Plotnikov.
10:41 of 1st period - Shot Misses the Net.
10:54 of 1st period - Icing by Tyler Toffoli.
10:55 of 1st period - Vladimir Tarasenko wins face-off versus Brandon Sutter in Lightning zone.
10:56 of 1st period - Snap shot by Sergei Plotnikov.
10:56 of 1st period - Deflect By Vladimir Tarasenko.
10:56 of 1st period - Deflect By James Neal.
10:56 of 1st period - Stopped by Jimmy Howard with a rebound.
11:45 of 1st period - Penalty to Frans Nielsen is over, Frans Nielsen is back on ice.
12:04 of 1st period - Minor Penalty to Craig Smith for Goalie Interference.
12:05 of 1st period - Brandon Sutter wins face-off versus Vladimir Tarasenko in Islanders zone.
12:05 of 1st period - Snap shot by Tyler Toffoli.
12:05 of 1st period - Stopped by Jonathan Quick without a rebound.
12:06 of 1st period - Brandon Sutter wins face-off versus Vladimir Tarasenko in Islanders zone.
12:07 of 1st period - Wrist shot by Tyler Toffoli.
12:07 of 1st period - Stopped by Jonathan Quick with a rebound.
12:36 of 1st period - Icing by Kyle Clifford.
12:37 of 1st period - Mark Scheifele wins face-off versus Joe Thornton in Lightning zone.
13:04 of 1st period - Tyler Toffoli is hit by Evander Kane and loses puck.
13:19 of 1st period - Vladimir Tarasenko is hit by Tyler Toffoli and loses puck.
13:54 of 1st period - Ryan Ellis is hit by James Neal.
14:04 of 1st period - Penalty to Craig Smith is over, Craig Smith is back on ice.
14:18 of 1st period - Snap shot by Ryan Ellis.
14:18 of 1st period - Shot Blocked by Oscar Sundqvist.
14:38 of 1st period - Wrist shot by Zac Rinaldo.
14:38 of 1st period - Deflect By Craig Smith.
14:38 of 1st period - Stopped by Jimmy Howard without a rebound.
14:39 of 1st period - Colby Armstrong wins face-off versus Joe Thornton in Lightning zone.
14:46 of 1st period - Jay Bouwmeester is hit by Brent Seabrook and loses puck.
14:53 of 1st period - Brent Seabrook is hit by Vladimir Tarasenko.
15:08 of 1st period - Off-side.
15:09 of 1st period - Frans Nielsen wins face-off versus Brandon Sutter in neutral zone.
15:22 of 1st period - Snap shot by Frans Nielsen.
15:22 of 1st period - Stopped by Jimmy Howard with a rebound.
15:24 of 1st period - Wrist shot by Pierre-Edouard Bellemare.
15:24 of 1st period - Islanders goal is going for a video replay.
15:24 of 1st period - The goal is refused. The referee deems the play has been stopped, even if he had not physically had the opportunity to stop play by blowing his whistle..
15:25 of 1st period - Joe Thornton wins face-off versus Kyle Clifford in Lightning zone.
15:30 of 1st period - Wrist shot by Vladimir Tarasenko.
15:30 of 1st period - Shot Misses the Net.
15:38 of 1st period - Snap shot by Mark Scheifele.
15:38 of 1st period - Stopped by Jonathan Quick without a rebound.
15:39 of 1st period - Brandon Sutter wins face-off versus Joe Thornton in Islanders zone.
15:48 of 1st period - Snap shot by James Neal.
15:48 of 1st period - Stopped by Jonathan Quick without a rebound.
15:49 of 1st period - Joe Thornton wins face-off versus Brandon Sutter in Islanders zone.
16:15 of 1st period - Minor Penalty to James Neal for Delaying the game.
16:16 of 1st period - Joe Thornton wins face-off versus Kyle Clifford in Lightning zone.
16:24 of 1st period - Snap shot by Evander Kane.
16:24 of 1st period - Stopped by Jimmy Howard without a rebound.
16:25 of 1st period - Joe Thornton wins face-off versus Kyle Clifford in Lightning zone.
16:32 of 1st period - Wrist shot by Evander Kane.
16:32 of 1st period - Deflect By Joe Thornton.
16:32 of 1st period - Goal by Joe Thornton - Islanders : 1 - Lightning : 0.
16:33 of 1st period - Frans Nielsen wins face-off versus Mark Scheifele in neutral zone.
16:59 of 1st period - Ryan Ellis is hit by Oscar Sundqvist and loses puck.
17:26 of 1st period - Snap shot by Vladimir Tarasenko.
17:26 of 1st period - Deflect By Evander Kane.
17:26 of 1st period - Shot Misses the Net.
17:26 of 1st period - Puck is out of play.
17:27 of 1st period - Mark Scheifele wins face-off versus Vladimir Tarasenko in Lightning zone.
17:34 of 1st period - Snap shot by Kyle Clifford.
17:34 of 1st period - Stopped by Jonathan Quick without a rebound.
17:35 of 1st period - Zac Rinaldo wins face-off versus Mark Scheifele in Islanders zone.
17:35 of 1st period - Zac Rinaldo is hit by Cody Goloubef.
17:51 of 1st period - Wrist shot by Kyle Clifford.
17:51 of 1st period - Stopped by Jonathan Quick with a rebound.
17:53 of 1st period - Slapshot by Cody Goloubef.
17:53 of 1st period - Shot Misses the Net.
17:55 of 1st period - Snap shot by Kyle Clifford.
17:55 of 1st period - Stopped by Jonathan Quick with a rebound.
17:57 of 1st period - Wrist shot by Mark Scheifele.
17:57 of 1st period - Shot Misses the Net.
17:59 of 1st period - Snap shot by Nick Bjugstad.
17:59 of 1st period - Shot Blocked by Fedor Tyutin.
18:05 of 1st period - Slapshot by Kyle Clifford.
18:05 of 1st period - Deflect By Fedor Tyutin.
18:05 of 1st period - Stopped by Jonathan Quick without a rebound.
18:06 of 1st period - James Neal wins face-off versus Joe Thornton in Islanders zone.
18:22 of 1st period - Off-side.
18:23 of 1st period - Mark Scheifele wins face-off versus Frans Nielsen in neutral zone.
18:26 of 1st period - Ryan Ellis is hit by Kevin Shattenkirk and loses puck.
19:32 of 1st period - Tomas Kundratek is hit by Oscar Sundqvist.
Goals for this period are 1 for Islanders vs 0 for Lightning.
Shots for this period are 9 for Islanders vs 13 for Lightning.
2nd period
0:01 of 2nd period - Joe Thornton wins face-off versus Mark Scheifele in neutral zone.
0:12 of 2nd period - Evander Kane is hit by Nick Bjugstad and loses puck.
0:17 of 2nd period - Snap shot by Kyle Clifford.
0:17 of 2nd period - Shot Misses the Net.
0:57 of 2nd period - Slapshot by Ryan Ellis.
0:57 of 2nd period - Stopped by Jimmy Howard without a rebound.
0:58 of 2nd period - Evander Kane wins face-off versus Mark Scheifele in Lightning zone.
1:33 of 2nd period - Slapshot by Noah Hanifin.
1:33 of 2nd period - Deflect By Justin Falk.
1:33 of 2nd period - Stopped by Jonathan Quick without a rebound.
1:34 of 2nd period - Brandon Sutter wins face-off versus Paul Stastny in Islanders zone.
2:14 of 2nd period - Wrist shot by Zac Rinaldo.
2:14 of 2nd period - Stopped by Jimmy Howard without a rebound.
2:15 of 2nd period - Brandon Sutter wins face-off versus Evander Kane in Lightning zone.
2:32 of 2nd period - Wrist shot by Brandon Sutter.
2:32 of 2nd period - Stopped by Jonathan Quick with a rebound.
2:47 of 2nd period - Minor Penalty to Craig Smith for Tripping.
2:48 of 2nd period - Vladimir Tarasenko wins face-off versus Mark Scheifele in Islanders zone.
2:56 of 2nd period - Slapshot by Brent Seabrook.
2:56 of 2nd period - Goal by Brent Seabrook - Islanders : 1 - Lightning : 1.
2:57 of 2nd period - Joe Thornton wins face-off versus Mark Scheifele in neutral zone.
3:07 of 2nd period - Icing by Kyle Clifford.
3:08 of 2nd period - Mark Scheifele wins face-off versus Evander Kane in Lightning zone.
3:15 of 2nd period - Joe Thornton is hit by Nick Bjugstad and loses puck.
3:22 of 2nd period - Snap shot by Kyle Clifford.
3:22 of 2nd period - Shot Misses the Net.
3:24 of 2nd period - Slapshot by Kevin Shattenkirk.
3:24 of 2nd period - Stopped by Jonathan Quick with a rebound.
3:26 of 2nd period - Snap shot by Nick Bjugstad.
3:26 of 2nd period - Stopped by Jonathan Quick with a rebound.
3:28 of 2nd period - Slapshot by Nick Bjugstad.
3:28 of 2nd period - Shot Misses the Net.
3:32 of 2nd period - Wrist shot by Nick Bjugstad.
3:32 of 2nd period - Shot Misses the Net.
3:34 of 2nd period - Slapshot by Kevin Shattenkirk.
3:34 of 2nd period - Shot Misses the Net.
3:36 of 2nd period - Slapshot by Nick Bjugstad.
3:36 of 2nd period - Shot Blocked by Ryan Ellis.
3:38 of 2nd period - Wrist shot by Kyle Clifford.
3:38 of 2nd period - Stopped by Jonathan Quick with a rebound.
4:16 of 2nd period - Brent Seabrook is hit by Vladimir Tarasenko and loses puck.
4:54 of 2nd period - Backhand shot by Mark Scheifele.
4:54 of 2nd period - Stopped by Jonathan Quick with a rebound.
4:56 of 2nd period - Slapshot by Brent Seabrook.
4:56 of 2nd period - Shot Misses the Net.
4:58 of 2nd period - Wrist shot by Kevin Shattenkirk.
4:58 of 2nd period - Stopped by Jonathan Quick without a rebound.
4:59 of 2nd period - Brandon Sutter wins face-off versus Frans Nielsen in Islanders zone.
5:15 of 2nd period - Off-side.
5:16 of 2nd period - Oscar Sundqvist wins face-off versus Paul Stastny in neutral zone.
5:23 of 2nd period - Slapshot by Jesper Fast.
5:23 of 2nd period - Shot Misses the Net.
5:35 of 2nd period - Justin Schultz is hit by Zac Rinaldo and loses puck.
5:54 of 2nd period - Snap shot by Andrew Shaw.
5:54 of 2nd period - Shot Misses the Net.
5:56 of 2nd period - Snap shot by Michael Latta.
5:56 of 2nd period - Goal by Michael Latta - Islanders : 2 - Lightning : 1.
5:57 of 2nd period - Brandon Sutter wins face-off versus Frans Nielsen in neutral zone.
6:05 of 2nd period - Minor Penalty to Craig Smith for Hooking.
6:06 of 2nd period - Mark Scheifele wins face-off versus Vladimir Tarasenko in Islanders zone.
8:05 of 2nd period - Penalty to Craig Smith is over, Craig Smith is back on ice.
8:17 of 2nd period - Snap shot by Ondrej Palat.
8:17 of 2nd period - Stopped by Jonathan Quick with a rebound.
8:19 of 2nd period - Snap shot by Noah Hanifin.
8:19 of 2nd period - Deflect By Oscar Sundqvist.
8:19 of 2nd period - Shot Misses the Net.
8:19 of 2nd period - Puck is out of play.
8:20 of 2nd period - Oscar Sundqvist wins face-off versus Paul Stastny in Islanders zone.
8:25 of 2nd period - Snap shot by Jesper Fast.
8:25 of 2nd period - Stopped by Jonathan Quick with a rebound.
9:47 of 2nd period - Icing by Justin Schultz.
9:48 of 2nd period - Brandon Sutter wins face-off versus Paul Stastny in Lightning zone.
9:53 of 2nd period - Wrist shot by Tyler Toffoli.
9:53 of 2nd period - Shot Misses the Net.
9:55 of 2nd period - Slapshot by Justin Schultz.
9:55 of 2nd period - Stopped by Jonathan Quick with a rebound.
9:57 of 2nd period - Wrist shot by Tyler Toffoli.
9:57 of 2nd period - Deflect By Brandon Sutter.
9:57 of 2nd period - Stopped by Jonathan Quick with a rebound.
9:59 of 2nd period - Wrist shot by Tyler Toffoli.
9:59 of 2nd period - Shot Misses the Net.
10:27 of 2nd period - Snap shot by Paul Stastny.
10:27 of 2nd period - Stopped by Jimmy Howard without a rebound.
10:28 of 2nd period - Mark Scheifele wins face-off versus Frans Nielsen in Lightning zone.
10:28 of 2nd period - Mark Scheifele is hit by Craig Smith.
11:41 of 2nd period - Jay Bouwmeester is hit by Justin Schultz.
11:55 of 2nd period - Snap shot by Frans Nielsen.
11:55 of 2nd period - Shot Blocked by Jesper Fast.
12:19 of 2nd period - Snap shot by Zac Rinaldo.
12:19 of 2nd period - Stopped by Jimmy Howard without a rebound.
12:20 of 2nd period - Brandon Sutter wins face-off versus Frans Nielsen in Lightning zone.
12:45 of 2nd period - Kevin Shattenkirk is hit by Vladimir Tarasenko and loses puck.
13:06 of 2nd period - Evander Kane is hit by Jesper Fast and loses puck.
13:38 of 2nd period - Backhand shot by Oscar Sundqvist.
13:38 of 2nd period - Stopped by Jonathan Quick with a rebound.
13:40 of 2nd period - Slapshot by Brent Seabrook.
13:40 of 2nd period - Shot Misses the Net.
13:42 of 2nd period - Snap shot by Jesper Fast.
13:42 of 2nd period - Stopped by Jonathan Quick without a rebound.
13:43 of 2nd period - Frans Nielsen wins face-off versus Mark Scheifele in Islanders zone.
13:56 of 2nd period - Snap shot by Ryan Ellis.
13:56 of 2nd period - Deflect By Joni Pitkanen.
13:56 of 2nd period - Stopped by Jimmy Howard with a rebound.
14:54 of 2nd period - Cody Goloubef is hit by Craig Smith and loses puck.
15:49 of 2nd period - Minor Penalty to Tyler Toffoli for Roughing.
15:50 of 2nd period - Kyle Clifford wins face-off versus Joe Thornton in Lightning zone.
15:59 of 2nd period - Backhand shot by Ryan Ellis.
15:59 of 2nd period - Shot Blocked by Brent Seabrook.
16:29 of 2nd period - Slapshot by Ryan Ellis.
16:29 of 2nd period - Shot Blocked by Kevin Shattenkirk.
17:49 of 2nd period - Penalty to Tyler Toffoli is over, Tyler Toffoli is back on ice.
17:57 of 2nd period - Icing by Brandon Sutter.
17:58 of 2nd period - Brandon Sutter wins face-off versus Paul Stastny in Lightning zone.
18:43 of 2nd period - Slapshot by Craig Smith.
18:43 of 2nd period - Stopped by Jimmy Howard with a rebound.
18:45 of 2nd period - Wrist shot by Frans Nielsen.
18:45 of 2nd period - Stopped by Jimmy Howard without a rebound.
18:46 of 2nd period - Frans Nielsen wins face-off versus Brandon Sutter in Lightning zone.
18:47 of 2nd period - Snap shot by Craig Smith.
18:47 of 2nd period - Stopped by Jimmy Howard with a rebound.
18:49 of 2nd period - Snap shot by Frans Nielsen.
18:49 of 2nd period - Stopped by Jimmy Howard without a rebound.
18:50 of 2nd period - Brandon Sutter wins face-off versus Joe Thornton in Lightning zone.
18:57 of 2nd period - Joe Thornton is hit by Brandon Sutter and loses puck.
19:02 of 2nd period - Snap shot by James Neal.
19:02 of 2nd period - Stopped by Jonathan Quick without a rebound.
19:03 of 2nd period - Joe Thornton wins face-off versus Mark Scheifele in Islanders zone.
19:16 of 2nd period - Snap shot by Joe Thornton.
19:16 of 2nd period - Shot Blocked by Kyle Clifford.
19:37 of 2nd period - Wrist shot by Frans Nielsen.
19:37 of 2nd period - Shot Misses the Net.
19:39 of 2nd period - Slapshot by Jay Bouwmeester.
19:39 of 2nd period - Shot Misses the Net.
19:41 of 2nd period - Slapshot by Jay Bouwmeester.
19:41 of 2nd period - Stopped by Jimmy Howard with a rebound.
Goals for this period are 1 for Islanders vs 1 for Lightning.
Shots for this period are 11 for Islanders vs 15 for Lightning.
3rd period
0:01 of 3rd period - Mark Scheifele wins face-off versus Joe Thornton in neutral zone.
0:12 of 3rd period - Kevin Shattenkirk is hit by Ryan Ellis and loses puck.
2:57 of 3rd period - Off-side.
2:58 of 3rd period - Joe Thornton wins face-off versus Brandon Sutter in neutral zone.
3:07 of 3rd period - Snap shot by Vladimir Tarasenko.
3:07 of 3rd period - Shot Misses the Net.
3:21 of 3rd period - Minor Penalty to James Neal for Roughing.
3:22 of 3rd period - Jimmy Vesey wins face-off versus Joe Thornton in Lightning zone.
3:35 of 3rd period - Snap shot by Evander Kane.
3:35 of 3rd period - Stopped by Jimmy Howard without a rebound.
3:36 of 3rd period - Joe Thornton wins face-off versus Jimmy Vesey in Lightning zone.
3:52 of 3rd period - Icing by Vladimir Tarasenko.
3:53 of 3rd period - Jimmy Vesey wins face-off versus Joe Thornton in Islanders zone.
4:14 of 3rd period - Snap shot by Vladimir Tarasenko.
4:14 of 3rd period - Shot Misses the Net.
5:21 of 3rd period - Penalty to James Neal is over, James Neal is back on ice.
5:21 of 3rd period - Slapshot by Evander Kane.
5:21 of 3rd period - Stopped by Jimmy Howard without a rebound.
5:22 of 3rd period - Oscar Sundqvist wins face-off versus Frans Nielsen in Lightning zone.
5:26 of 3rd period - Cody Goloubef is hit by Jay Bouwmeester and loses puck.
5:37 of 3rd period - Snap shot by Oscar Sundqvist.
5:37 of 3rd period - Stopped by Jonathan Quick with a rebound.
5:56 of 3rd period - Slapshot by Zac Rinaldo.
5:56 of 3rd period - Shot Misses the Net.
6:06 of 3rd period - Minor Penalty to Brent Seabrook for Charging.
6:07 of 3rd period - Frans Nielsen wins face-off versus Kyle Clifford in Lightning zone.
8:06 of 3rd period - Penalty to Brent Seabrook is over, Brent Seabrook is back on ice.
8:52 of 3rd period - Slapshot by Oscar Sundqvist.
8:52 of 3rd period - Stopped by Jonathan Quick with a rebound.
9:10 of 3rd period - Minor Penalty to Frans Nielsen for Roughing.
9:11 of 3rd period - Vladimir Tarasenko wins face-off versus Mark Scheifele in Islanders zone.
9:48 of 3rd period - Wrist shot by Sergei Plotnikov.
9:48 of 3rd period - Stopped by Jimmy Howard without a rebound.
9:49 of 3rd period - Brandon Sutter wins face-off versus Sergei Plotnikov in Lightning zone.
11:10 of 3rd period - Penalty to Frans Nielsen is over, Frans Nielsen is back on ice.
11:34 of 3rd period - Slapshot by Ryan Ellis.
11:34 of 3rd period - Shot Misses the Net.
11:46 of 3rd period - Snap shot by Ondrej Palat.
11:46 of 3rd period - Shot Misses the Net.
11:48 of 3rd period - Wrist shot by Cody Goloubef.
11:48 of 3rd period - Deflect By Ryan Ellis.
11:48 of 3rd period - Stopped by Jonathan Quick with a rebound.
11:50 of 3rd period - Slapshot by Cody Goloubef.
11:50 of 3rd period - Shot Misses the Net.
11:52 of 3rd period - Wrist shot by Jesper Fast.
11:52 of 3rd period - Shot Blocked by Ryan Ellis.
11:54 of 3rd period - Wrist shot by Jesper Fast.
11:54 of 3rd period - Shot Misses the Net.
12:10 of 3rd period - Wrist shot by Jesper Fast.
12:10 of 3rd period - Stopped by Jonathan Quick with a rebound.
12:12 of 3rd period - Snap shot by Ondrej Palat.
12:12 of 3rd period - Shot Blocked by Joe Thornton.
12:44 of 3rd period - Wrist shot by Jesper Fast.
12:44 of 3rd period - Stopped by Jonathan Quick with a rebound.
12:58 of 3rd period - Wrist shot by Ondrej Palat.
12:58 of 3rd period - Shot Misses the Net.
13:00 of 3rd period - Slapshot by Noah Hanifin.
13:00 of 3rd period - Shot Blocked by Fedor Tyutin.
13:06 of 3rd period - Snap shot by Oscar Sundqvist.
13:06 of 3rd period - Stopped by Jonathan Quick with a rebound.
13:08 of 3rd period - Slapshot by Ondrej Palat.
13:08 of 3rd period - Goal by Ondrej Palat - Islanders : 2 - Lightning : 2.
13:09 of 3rd period - Mark Scheifele wins face-off versus Paul Stastny in neutral zone.
13:16 of 3rd period - Snap shot by Mark Scheifele.
13:16 of 3rd period - Shot Blocked by Tomas Kundratek.
13:22 of 3rd period - Wrist shot by Kyle Clifford.
13:22 of 3rd period - Stopped by Jonathan Quick with a rebound.
13:46 of 3rd period - Slapshot by Brandon Sutter.
13:46 of 3rd period - Stopped by Jonathan Quick without a rebound.
13:47 of 3rd period - Michael Latta wins face-off versus Mark Scheifele in Islanders zone.
13:51 of 3rd period - Justin Falk is hit by Mark Scheifele and loses puck.
14:14 of 3rd period - Zac Rinaldo is hit by James Neal and loses puck.
16:11 of 3rd period - Mark Scheifele is hit by Pierre-Edouard Bellemare and loses puck.
Goals for this period are 0 for Islanders vs 1 for Lightning.
Shots for this period are 3 for Islanders vs 9 for Lightning.
Overtime #1
0:01 of 1st overtime period - Vladimir Tarasenko wins face-off versus Kyle Clifford in neutral zone.
0:14 of 1st overtime period - Snap shot by Evander Kane.
0:14 of 1st overtime period - Deflect By Vladimir Tarasenko.
0:14 of 1st overtime period - Goal by Vladimir Tarasenko - Islanders : 3 - Lightning : 2.
Goals for this period are 1 for Islanders vs 0 for Lightning.
Shots for this period are 1 for Islanders vs 0 for Lightning.